AoeStats
← fulyaokat

Migration

506364480Analyzed
1v1 RM · 21d ago on Sep 13, 2026· 72m 26s· 2 players
Game mode
Random Map
Map size
132×132
Population
200
Speed
Normal
Resources
Standard
Victory
Conquest
Starting age
Dark Age
Ending age
Imperial Age
RankedLock teamsTeams togetherTeam positionsShared explorationLock speedFull tech treeHidden civsTurbo modeCheats
Victory
Defeat
🇪🇸 Vikings · Spain
184
+11
🇹🇷 Vikings · Türkiye
61
-11
fulyaokat
0:46 Loom
12:51 Feudal Age
13:15 Horse Collar
13:34 Double-Bit Axe
13:47 Gold Mining
13:48 Stone Mining
15:49 Fishing Lines
22:19 Castle Age
22:52 Gillnets
25:16 Gold Shaft Mining
25:07 Bow Saw
25:02 Squires
26:00 Pikeman
27:04 Medium Warships
35:34 Imperial Age
34:06 Gambesons
34:08 Arson
36:36 Capped Ram
39:14 Elite Skirmisher
45:22 Ballistics
44:54 Crossbowman
52:14 Clinker Construction
52:10 Siphons
52:17 Careening
52:50 Heavy Warships
55:58 Two-Man Saw
56:09 Carvel Hull
55:46 Guard Tower
55:38 Treadmill Crane
56:19 Heavy Plow
57:23 Scale Mail Armor
57:29 Scale Barding Armor
57:24 Padded Archer Armor
58:06 Fervor
58:06 Sappers
61:22 Hoardings
63:13 Murder Holes
63:29 Fortified Wall
63:16 Fletching
64:57 Heavy Scorpion
65:28 Arrowslits
65:55 Masonry
67:39 Architecture
69:29 Siege Engineers
Zafar
0:55 Loom
11:09 Feudal Age
15:21 Horse Collar
15:42 Fishing Lines
16:37 Town Watch
21:48 Double-Bit Axe
22:02 Gold Mining
22:04 Stone Mining
24:00 Scale Barding Armor
23:55 Scale Mail Armor
23:56 Padded Archer Armor
26:07 Castle Age
24:16 Fletching
24:58 Man-at-Arms
25:24 Arson
26:04 Forging
26:54 Crossbowman
26:55 Elite Skirmisher
26:59 Pikeman
27:39 Squires
27:25 Gambesons
27:21 Long Swordsman
28:39 Treadmill Crane
28:55 Murder Holes
29:22 Ballistics
32:12 Heavy Plow
33:02 Medium Warships
32:42 Gillnets
33:51 Light Cavalry
35:34 Bow Saw
35:58 Masonry
42:39 Town Patrol
45:10 Imperial Age
47:59 Chemistry
46:44 Arrowslits
46:51 Heated Shot
47:56 Heavy Warships
48:04 Cavalier
49:55 Crop Rotation
50:53 Two-Man Saw
50:05 Chieftains
50:13 Arbalester
51:58 Gold Shaft Mining
51:42 Leather Archer Armor
51:42 Bodkin Arrow
54:26 Conscription
53:37 Sappers
55:25 Ring Archer Armor
54:55 Bracer
55:31 Iron Casting
54:39 Elite Cannon Galleon
56:22 Elite Longship
57:14 Elite Berserk
58:30 Hoardings
57:28 Two-Handed Swordsman
60:17 Atonement
60:28 Fervor
60:34 Block Printing
60:20 Devotion
69:17 Chain Barding Armor
69:12 Chain Mail Armor
69:59 Blast Furnace
Connection lost

Rejoining the realm…

Still unreachable

The connection could not be restored.

Session expired

The server has moved on; the page needs a fresh start.